 Dungeon Crawl Stone Soup version 0.20.2-3-g29329e0561 (webtiles) character file.

122 Alfie the Skirmisher (level 5, -5/46 HPs)
             Began as a Hill Orc Fighter on July 4, 2023.
             Slain by Alfie's ghost (9 damage)
             ... on level 3 of the Dungeon.
             The game lasted 00:05:46 (1558 turns).

Alfie the Skirmisher (Hill Orc Fighter)             Turns: 1558, Time: 00:05:46

Health: -5/46      AC:  7    Str: 26 (28) XL:     5   Next: 6%
Magic:  5/5        EV:  7    Int:  6 (8)  God:
Gold:   112        SH:  9    Dex:  8 (10) Spells: 4/4 levels left

rFire    . . .     SeeInvis .   a - +0 rapier
rCold    . . .     Gourm    .   c - +0 shield
rNeg     . . .     Faith    .   b - +0 scale mail
rPois    .         Spirit   .   (no helmet)
rElec    .         Reflect  .   (no cloak)
rCorr    .         Harm     .   (no gloves)
MR       .....                  (no boots)
Stlth    ..........             (no amulet)
Regen    0.2/turn               n - +3 ring of strength
MPRegen  0.1/turn               (no ring)

@: mighty
A: no striking features
a: no special abilities


You were on level 3 of the Dungeon.
You were not hungry.

You visited 1 branch of the dungeon, and saw 3 of its levels.

You collected 112 gold pieces.

Inventory:

Hand Weapons
 a - a +0 rapier (weapon)
Armour
 b - a +0 scale mail (worn)
 c - a +0 shield (worn)
Jewellery
 m - an uncursed ring of wizardry
 n - a +3 ring of strength (left hand)
Scrolls
 g - 2 scrolls of identify
 h - 2 scrolls of amnesia {unknown}
 i - 3 scrolls of remove curse {unknown}
 j - 2 scrolls of recharging {unknown}
 k - a scroll of enchant armour {unknown}
 p - a scroll of blinking {unknown}
 r - a scroll of magic mapping {unknown}
 s - a scroll of fear {unknown}
Potions
 l - a potion of degeneration
 o - a potion of brilliance
Comestibles
 f - 2 bread rations
 q - a royal jelly


   Skills:
 + Level 4.3 Fighting
 + Level 3.5 Short Blades
 + Level 4.1 Armour
 + Level 0.4 Dodging
 + Level 3.8 Shields


You had 4 spell levels left.
You didn't know any spells.

Dungeon Overview and Level Annotations

Branches:
Dungeon (3/15)

Altars:
Dithmenos
Fedhas
Hepliaklqana
Kikubaaqudgha
Okawaru
Trog
Xom

Annotations:
D:3 Alfie's ghost, amateur HOFi


Message History

You hit the hobgoblin.
You kill the hobgoblin!
You hit Alfie's ghost but do no damage. Alfie's ghost hits you!
You hit Alfie's ghost but do no damage. Alfie's ghost hits you. x2
You hit Alfie's ghost but do no damage. Alfie's ghost hits you.
You hit Alfie's ghost but do no damage. Alfie's ghost hits you!
* * * LOW HITPOINT WARNING * * *
You feel very mighty all of a sudden. Alfie's ghost hits you!
* * * LOW HITPOINT WARNING * * *
You puncture Alfie's ghost!
Alfie's ghost is moderately damaged.
You block Alfie's ghost's attack.
You barely miss Alfie's ghost.
Alfie's ghost is moderately damaged.
You block Alfie's ghost's attack.
You puncture Alfie's ghost!
Alfie's ghost is moderately damaged.
Alfie's ghost hits you!
You die...

##.#####............<.
.........####........
..#####.## #########
#. #....# #####.#
#....# ....<..##..#.#
##.......##.#
##..##.....#.##
.......@....>.#
##.....W...#...?
#.....?...##.##
#(........# .#
#.........# #
#<........#
#...!.....#
#..:......# #..[.....


You could see Alfie's ghost.

Vanquished Creatures
  Jessica (D:2)
  3 gnolls (D:2)
  An adder (D:2)
  An ooze (D:3)
  2 dart slugs (D:1)
  3 leopard geckos
  A ball python (D:1)
  3 giant cockroaches
  4 goblins
  9 hobgoblins
  9 kobolds
  4 bats
  3 frilled lizards
  4 rats
48 creatures vanquished.

Notes
Turn   | Place    | Note
-------+----------+-------------------------------------------
     0 | D:1      | Alfie the Hill Orc Fighter began the quest for the Orb.
     0 | D:1      | Reached XP level 1. HP: 19/19 MP: 1/1
    59 | D:1      | Reached XP level 2. HP: 27/27 MP: 2/2
   195 | D:1      | Reached XP level 3. HP: 15/33 MP: 3/3
   421 | D:1      | Found a hazy altar of Hepliaklqana.
   424 | D:1      | Found an ancient bone altar of Kikubaaqudgha.
   424 | D:1      | Found a bloodstained altar of Trog.
   426 | D:1      | Found a shadowy altar of Dithmenos.
   426 | D:1      | Found a blossoming altar of Fedhas.
   426 | D:1      | Found a shimmering altar of Xom.
   639 | D:2      | Noticed Jessica
   655 | D:2      | Killed Jessica
   655 | D:2      | Reached XP level 4. HP: 31/40 MP: 4/4
   880 | D:2      | Found a hazy altar of Hepliaklqana.
  1121 | D:2      | Found an iron altar of Okawaru.
  1373 | D:3      | Noticed Alfie's ghost (amateur HOFi)
  1497 | D:2      | Reached XP level 5. HP: 35/46 MP: 5/5
  1558 | D:3      | Slain by Alfie's ghost

Skill      XL: |  1  2  3  4 |
---------------+-------------+-----
Fighting       | 4 |  4.3
Short Blades   | 3 |  3.5
Armour         | 4 |  4.1
Dodging        | |  0.4
Shields        | |  3.8

Action                   |  1- 3 |  4- 6 || total
-------------------------+-------+-------++-------
Melee: Rapier            |    86 |    74 ||   160
  Use: Potion            |       |     5 ||     5
       Scroll            |       |     2 ||     2
  Eat: Bread ration      |       |     1 ||     1
Armor: Scale mail        |    24 |    17 ||    41
Dodge: Dodged            |    31 |    19 ||    50
Block: Shield            |    36 |    37 ||    73
